 Dungeon Crawl Stone Soup version 0.30-a0-219-gf2db51d15e (webtiles) character file.

Game seed: 3091096339568148371

929 lorenzova the Thaumaturge (level 7, -8/36 HPs)
             Began as a Deep Elf Conjurer on Oct 6, 2022.
             Was a Follower of Vehumet.
             Mangled by an ice beast (11 damage)
             ... on level 5 of the Dungeon.
             The game lasted 00:06:32 (5406 turns).

lorenzova the Thaumaturge (Deep Elf Conjurer)       Turns: 5406, Time: 00:06:33

Health: -8/36      AC:  2    Str:  4    XL:     7   Next: 85%
Magic:  5/20       EV: 12    Int: 25    God:    Vehumet [*.....]
Gold:   199        SH:  0    Dex: 13    Spells: 10/22 levels left

rFire   . . .      SeeInvis .    (no weapon)
rCold   . . .      Faith    .    (no shield)
rNeg    . . .      Spirit   .    a - +0 robe
rPois   .          Reflect  .    (no helmet)
rElec   .          Harm     .    (no cloak)
rCorr   .          Rampage  .    (no gloves)
Will    .....                    (no boots)
Stlth   ++........               (no amulet)
HPRegen 0.26/turn                (no ring)
MPRegen 0.17/turn                (no ring)

@: no status effects
A: no striking features
a: Renounce Religion


You were on level 5 of the Dungeon.
You worshipped Vehumet.
Vehumet was aware of your devotion.
You visited 1 branch of the dungeon, and saw 5 of its levels.

You collected 199 gold pieces.

Inventory:

Armour
 a - a +0 robe (worn)
Magical Staves
 d - a staff of earth
Wands
 i - a wand of flame (16)
 j - a wand of quicksilver (1)
Scrolls
 f - a scroll of fog {unknown}
 g - 4 scrolls of identify {unknown}
 l - a scroll of vulnerability {unknown}
 m - a scroll of torment {unknown}
 n - a scroll of noise {unknown}
 o - a scroll of enchant armour {unknown}
 p - a scroll of fear {unknown}
 q - a scroll of teleportation {unknown}
Potions
 b - 3 potions of magic
 c - 2 potions of might {unknown}
 e - a potion of brilliance {unknown}
 h - a potion of resistance {unknown}
 k - a potion of attraction {unknown}


   Skills:
 - Level 2.4 Dodging
 - Level 2.4 Stealth
 * Level 8.1 Spellcasting
 * Level 7.7 Conjurations
 + Level 2.0 Hexes
 + Level 1.7 Translocations
 * Level 2.6 Fire Magic


You had 10 spell levels left.
You knew the following spells:

 Your Spells              Type           Power      Damage    Failure   Level
a - Magic Dart            Conj           100%       1d8       1%          1
b - Searing Ray           Conj           96%        2d7       1%          2
c - Iskenderun's Mystic   Conj/Tloc      33%        2d8       9%          4
d - Fulminant Prism       Conj/Hex       17%        3d11      8%          4
q - Foxfire               Conj/Fire      100%       2x1d9     1%          1

Your spell library contained the following spells:

 Spells                   Type           Power      Damage    Failure   Level
 Dazzling Flash           Conj/Hex       68%        N/A       2%          3


Dungeon Overview and Level Annotations

Branches:
Dungeon (5/15)             Temple (0/1) D:4

Altars:
Ashenzari
Vehumet
Xom
The Shining One

Shops:
D:2 (


Message History

Aiming: Searing Ray (safe; 1% risk of failure)
Press: ? - help, Shift-Dir - straight line, f/p - ice beast
Aim: an ice beast (moderately wounded, 83% to hit)
The searing ray hits the ice beast.
The ice beast is heavily wounded. (Press . to maintain the ray.) Unknown command.
The searing ray hits the ice beast.
The ice beast is heavily wounded.
The ice beast hits you. The ice beast freezes you.
The orc shoots a sling bullet.
The sling bullet barely misses you.
The searing ray misses the ice beast.
An orc wizard comes into view. It is wielding a +0 dagger.
The ice beast hits you. The ice beast freezes you!
The orc shoots a sling bullet.
The sling bullet misses you.
The searing ray hits the ice beast.
The ice beast is severely wounded.
You finish channelling your searing ray.
The ice beast barely misses you.
The orc shoots a sling bullet.
The sling bullet hits you.
The orc wizard shouts!
You hear a shout!
Casting: Searing Ray (safe; 1% risk of failure)
Confirm with . or Enter, or press ? or * to list all spells.
Aiming: Searing Ray (safe; 1% risk of failure)
Press: ? - help, Shift-Dir - straight line, f/p - ice beast
Aim: an ice beast (severely wounded, 83% to hit)
The searing ray hits the ice beast but does no damage.
The ice beast is severely wounded. (Press . to maintain the ray.)
An orc comes into view. It is wielding a +0 hand axe.
The ice beast hits you. The ice beast freezes you!
* * * LOW HITPOINT WARNING * * *
The orc shoots a sling bullet.
The sling bullet hits you.
* * * LOW HITPOINT WARNING * * *
The searing ray hits the ice beast.
The ice beast is almost dead.
The ice beast hits you.
* * * LOW HITPOINT WARNING * * *
The ice beast freezes you!
You die...

#.!... #....
#... #.. # #.#
..
#.##.###....
#..........o
####Y####o..
#...@...o.o.
#...........
#...........
#...........
#........###
#.######'#####
.........#
########.# #.#


You could see an ice beast, an orc wizard and 2 orcs.

Vanquished Creatures
  A water moccasin (D:4)
  A black bear (D:4)
  A centaur (D:4)
  2 phantoms (D:5)
  3 scorpions (D:4)
  A hound (D:4)
  An iguana (D:3)
  Natasha (thrice) (D:3)
  8 gnolls
  6 adders
  2 worms
  2 dart slugs
  4 orcs
  4 bats
  10 endoplasms
  3 giant cockroaches
  5 goblins
  5 hobgoblins
  4 kobolds
  3 quokkas
  2 ball pythons
  2 frilled lizards
  6 rats
79 creatures vanquished.

Notes
Turn   | Place    | Note
-------+----------+-------------------------------------------
     0 | D:1      | lorenzova the Deep Elf Conjurer began the quest for the
                  | Orb.
     0 | D:1      | Reached XP level 1. HP: 10/10 MP: 6/6
   488 | D:1      | Reached XP level 2. HP: 15/15 MP: 5/8
   491 | D:1      | Learned a level 2 spell: Searing Ray
   990 | D:2      | Found a faded altar of an unknown god.
  1004 | D:2      | Reached skill level 4 in Spellcasting
  1142 | D:2      | Reached skill level 5 in Conjurations
  1142 | D:2      | Reached XP level 3. HP: 19/19 MP: 7/10
  1275 | D:2      | Found a shimmering altar of Xom.
  1383 | D:2      | Found Suyqita's Weapon Shoppe.
  2425 | D:3      | Found a radiant altar of Vehumet.
  2456 | D:3      | Became a worshipper of Vehumet
  2695 | D:3      | Reached XP level 4. HP: 24/24 MP: 10/12
  2748 | D:3      | Found a glowing golden altar of the Shining One.
  2874 | D:3      | Reached skill level 5 in Spellcasting
  3041 | D:3      | Reached XP level 5. HP: 28/28 MP: 5/15
  3150 | D:3      | Noticed Natasha
  3155 | D:3      | Killed Natasha
  3548 | D:3      | Noticed Natasha
  3553 | D:3      | Killed Natasha
  3893 | D:3      | Noticed Natasha
  3896 | D:3      | Killed Natasha
  3897 | D:3      | Reached skill level 6 in Spellcasting
  4097 | D:4      | Found a broken altar of Ashenzari.
  4149 | D:4      | Reached XP level 6. HP: 23/32 MP: 10/17
  4369 | D:4      | HP: 1/32 [centaur/arrow (8)]
  4370 | D:4      | Reached * piety under Vehumet
  4370 | D:4      | Offered knowledge of Foxfire by Vehumet.
  4371 | D:4      | Reached skill level 7 in Spellcasting
  4541 | D:4      | Learned a level 1 spell: Foxfire
  4587 | D:4      | Learned a level 4 spell: Iskenderun's Mystic Blast
  4592 | D:4      | Learned a level 4 spell: Fulminant Prism
  4789 | D:4      | Noticed a water moccasin
  4794 | D:4      | Killed a water moccasin
  4795 | D:4      | Reached skill level 1 in Fire Magic
  4795 | D:4      | Reached XP level 7. HP: 36/36 MP: 13/19
  4952 | D:4      | Reached skill level 1 in Hexes
  4952 | D:4      | Reached skill level 1 in Translocations
  5054 | D:4      | Found a staircase to the Ecumenical Temple.
  5133 | D:5      | Entered Level 5 of the Dungeon
  5397 | D:5      | Reached skill level 8 in Spellcasting
  5406 | D:5      | Mangled by an ice beast

Illustrated notes

Levels and vault maps discovered:
D:1:      saegor_arrival_under_anarchy, layout_basic
D:2:      layout_basic, basic_altar, shapermc_ecumenical_altar_mp_vishouse,
          serial_shops, shop
D:3:      layout_basic, vehumet_altar_wand_db, tso_metal_star, uniq_natasha
D:4:      layout_rooms, nicolae_ashenzari_skybound, temple_hall
D:5:      lemuel_ice_spiral_2, layout_basic

Skill      XL: |  1  2  3  4  5  6  7 |
---------------+----------------------+-----
Spellcasting   | 4 5 6 7 8 |  8.1
Conjurations   | 5 6 7 |  7.7
Fire Magic     | 1 2 |  2.6
Hexes          | 2 |  2.0
Translocations | 1 |  1.7
Dodging        | |  2.4
Stealth        | |  2.4

Action                   |  1- 3 |  4- 6 |  7- 9 || total
-------------------------+-------+-------+-------++-------
 Cast: Magic Dart        |    76 |    65 |    23 ||   164
       Searing Ray       |       |    14 |     9 ||    23
Dodge: Dodged            |     2 |     6 |     4 ||    12

Table legend: (Time is in decaauts)
 A = Elapsed time spent in this place.
 B = Non-inter-level travel time spent in this place.
 C = Inter-level travel time spent in this place.
 D = Time resting spent in this place.
 E = Time spent auto-exploring this place.
 F = Levels seen in this place.
 G = Mean time per level.
                   A        B        C        D        E       F      G
               +--------+--------+--------+--------+--------+-----+--------+
         Total |   5413 |   5307 |    106 |   2322 |   2539 |   5 | 1082.6 |
       Dungeon |   5413 |   5307 |    106 |   2322 |   2539 |   5 | 1082.6 |
               +--------+--------+--------+--------+--------+-----+--------+

Top non-repeatable levels by time:
     D:3: 1867 daAuts
     D:2: 1356 daAuts
     D:4: 1074 daAuts
     D:1: 841 daAuts
     D:5: 272 daAuts
